 Dungeon Crawl Stone Soup version 0.29-a0-834-g1e95ca9f62 (webtiles) character file.

Game seed: 17565407529540126320

49 xian the Slasher (level 3, -3/27 HPs)
             Began as a Demonspawn Gladiator on July 12, 2022.
             Constricted to death by Sigmund (4 damage)
             ... on level 3 of the Dungeon.
             The game lasted 00:05:44 (1979 turns).

xian the Slasher (Demonspawn Gladiator)             Turns: 1979, Time: 00:05:46

Health: -3/27      AC:  7    Str: 16    XL:     3   Next: 51%
Magic:  3/3        EV:  8    Int:  9    God:
Gold:   121        SH:  0    Dex: 14    Spells: 2/2 levels left

rFire   . . .      SeeInvis .   a - +0 long sword
rCold   + . .      Faith    .   (no shield)
rNeg    . . .      Spirit   .   q - +0 ring mail {rC+}
rPois   .          Reflect  .   o - +1 helmet
rElec   .          Harm     .   (no cloak)
rCorr   .          Rampage  .   (no gloves)
Will    .....                   (no boots)
Stlth   +.........              (no amulet)
HPRegen 0.09/turn               (no ring)
MPRegen 0.16/turn               (no ring)

@: grasped by roots, constricted
A: foul stench 1, magic regeneration
a: no special abilities


You were on level 3 of the Dungeon.
You visited 1 branch of the dungeon, and saw 3 of its levels.

You collected 121 gold pieces.

Inventory:

Hand Weapons
 a - a +0 long sword (weapon)
Missiles
 d - a throwing net (quivered)
 j - 5 javelins
Armour
 o - a +1 helmet (worn)
 q - a +0 ring mail of cold resistance (worn)
Jewellery
 c - an amulet of reflection
 l - a +4 ring of evasion
Scrolls
 e - a scroll of enchant armour {unknown}
 f - a scroll of blinking {unknown}
 g - a scroll of magic mapping {unknown}
 h - a scroll of brand weapon {unknown}
 i - a scroll of amnesia {unknown}
 k - a scroll of noise {unknown}
 m - a scroll of enchant weapon {unknown}
 t - a scroll of teleportation {unknown}
 u - a scroll of identify
Potions
 b - a potion of mutation {unknown}
 n - a potion of magic
 s - 2 potions of haste


   Skills:
 + Level 2.2 Fighting
 + Level 3.2 Long Blades
 + Level 2.1 Throwing
 + Level 1.4 Armour
 + Level 2.8 Dodging


You had 2 spell levels left.
You didn't know any spells.
Your spell library contained the following spells:

 Spells                   Type           Power      Damage    Failure   Level
 Call Canine Familiar     Summ           0%         N/A       92%         3
 Portal Projectile        Hex/Tloc       0%         N/A       92%         3
 Leda's Liquefaction      Hex/Erth       0%         N/A       100%        4


Dungeon Overview and Level Annotations

Branches:
Dungeon (3/15)

Altars:

Annotations:
D:3 Sigmund


Innate Abilities, Weirdness & Mutations

You may rarely emit foul miasma when damaged in melee.
You regenerate magic rapidly.


Message History

You barely miss Sigmund.
Sigmund is lightly wounded.
The kobold hits you but does no damage.
Sigmund zaps a wand.
The roots erupt in riotous growth!
The grasping roots grab you!
Sigmund is unaffected.
The kobold is unaffected.
The grasping roots constrict you.
* * * LOW HITPOINT WARNING * * *
Unknown command.
Okay, then.
You are too confused!
You feel better. The kobold hits you but does no damage.
Sigmund barely misses you. The grasping roots constrict you.
You don't know any spells.
Okay, then.
You start putting on your amulet.
You continue putting on your amulet of reflection.
The kobold barely misses you. Sigmund hits you with a +0 scythe.
Keep equipping yourself?
Uppercase [Y]es or [N]o only, please.
Keep equipping yourself?
* * * LOW HITPOINT WARNING * * *
You emit a cloud of foul miasma!
The grasping roots constrict you.
* * * LOW HITPOINT WARNING * * *
The grasping roots release their grip on you.
You continue putting on your amulet of reflection.
The kobold hits you but does no damage.
You continue putting on your amulet of reflection.
The kobold misses you.
Sigmund is engulfed in dark miasma.
Sigmund is poisoned.
Sigmund zaps a wand.
The roots erupt in riotous growth!
The grasping roots grab you!
Sigmund is unaffected.
The kobold is unaffected.
The grasping roots constrict you.
You continue putting on your amulet of reflection.
The kobold hits you with a +0 dagger.
* * * LOW HITPOINT WARNING * * *
Sigmund is engulfed in dark miasma.
Sigmund looks even sicker.
Sigmund seems to slow down.
Sigmund closely misses you. The grasping roots constrict you.
You die...

##################
#>.....{..........
#.##########.####.
##.## .....##.
######.@K###.#
###.#.##.
#......@.....#
#....#.
#.####...#####
#...... ##.##
#....#. #.#
#.#.### ........#
#(#.# ..#####.#
########.#.# #.#
.........#.# #.#
.#######.#.# #.##.
#.#.#


You could see Sigmund (very poisoned, slow) and a kobold.

Vanquished Creatures
  A gnoll (D:1)
  8 ball pythons
  3 endoplasms
  A goblin (D:1)
  7 jackals (D:2)
  3 bats
  3 frilled lizards
  6 kobolds
  5 rats
37 creatures vanquished.

Vanquished Creatures (others)
  6 plants (D:1)
6 creatures vanquished.

Grand Total: 43 creatures vanquished

Notes
Turn   | Place    | Note
-------+----------+-------------------------------------------
     0 | D:1      | xian the Demonspawn Gladiator began the quest for the Orb.
     0 | D:1      | Reached XP level 1. HP: 16/16 MP: 1/1
     2 | D:1      | Noticed a spriggan
     2 | D:1      | Noticed a demigod
     4 | D:1      | Noticed a merfolk
     6 | D:1      | Noticed a formicid
     8 | D:1      | Noticed a vampire
     8 | D:1      | Noticed a troll
    10 | D:1      | Noticed a ghoul
    12 | D:1      | Noticed an elf
    12 | D:1      | Noticed a draconian
    14 | D:1      | Noticed a dwarf
    14 | D:1      | Noticed a demonspawn
    16 | D:1      | Noticed a minotaur
    18 | D:1      | Noticed a felid
    18 | D:1      | Noticed a vine stalker
    20 | D:1      | Noticed a tengu
    20 | D:1      | Noticed an octopode
    22 | D:1      | Noticed a human
    24 | D:1      | Noticed a naga
    24 | D:1      | Noticed an ogre
    26 | D:1      | Noticed a gargoyle
    74 | D:1      | Reached skill level 1 in Armour
    74 | D:1      | Gained mutation: You regenerate magic rapidly. [demonic
                  | ancestry]
    74 | D:1      | Reached XP level 2. HP: 20/22 MP: 2/2
   542 | D:1      | Reached skill level 3 in Long Blades
  1063 | D:2      | Gained mutation: You may rarely emit foul miasma when
                  | damaged in melee. [demonic ancestry]
  1063 | D:2      | Reached XP level 3. HP: 27/27 MP: 3/3
  1363 | D:2      | Found a faded altar of an unknown god.
  1932 | D:3      | Noticed Sigmund
  1979 | D:3      | HP: 1/27 [kobold/+0 dagger (2)]
  1979 | D:3      | Constricted to death by Sigmund

Illustrated notes

Levels and vault maps discovered:
D:1:      kb_arrival_jail, layout_basic, nicolae_grassy_gnolls
D:2:      layout_basic, hellmonk_ecumenical_altar_zigzags
D:3:      layout_loops_ring, uniq_robin, uniq_sigmund

Skill      XL: |  1  2 |
---------------+-------+-----
Throwing       | 2 |  2.1
Armour         | 1 |  1.4
Long Blades    | 3 |  3.2
Fighting       | |  2.2
Dodging        | |  2.8

Action                   || total
-------------------------++-------
Melee: Long sword        ||   105
       Punch             ||     2
Throw: Javelin           ||     2
       Throwing net      ||     2
       Dart              ||     3
  Use: Scroll            ||     4
       Potion            ||     1
Armor: Leather armour    ||    17
       Ring mail         ||    37
Dodge: Dodged            ||    97

Table legend: (Time is in decaauts)
 A = Elapsed time spent in this place.
 B = Non-inter-level travel time spent in this place.
 C = Inter-level travel time spent in this place.
 D = Time resting spent in this place.
 E = Time spent auto-exploring this place.
 F = Levels seen in this place.
 G = Mean time per level.
                   A        B        C        D        E       F      G
               +--------+--------+--------+--------+--------+-----+--------+
         Total |   2005 |   1961 |     44 |      0 |   1379 |   3 |  668.3 |
       Dungeon |   2005 |   1961 |     44 |      0 |   1379 |   3 |  668.3 |
               +--------+--------+--------+--------+--------+-----+--------+

Top non-repeatable levels by time:
     D:2: 912 daAuts
     D:1: 855 daAuts
     D:3: 236 daAuts
